 Dungeon Crawl Stone Soup version 0.26.1-11-gd32895ea62 (webtiles) character file.

Game seed: 17859720314658326579

189 kandel6 the Magician (level 5, -1/31 HPs)
             Began as a Deep Elf Hedge Wizard on June 4, 2021.
             Killed from afar by an orc wizard (8 damage)
             ... with a puff of flame
             ... on level 3 of the Dungeon on June 5, 2021.
             The game lasted 00:28:41 (3975 turns).

kandel6 the Magician (Deep Elf Hedge Wizard)        Turns: 3975, Time: 00:28:41

Health: -1/31      AC:  2    Str:  7    XL:     5   Next: 40%
Magic:  6/13       EV: 13    Int: 20    God:
Gold:   131        SH:  0    Dex: 14    Spells: 4/12 levels left

rFire    . . .     SeeInvis .   h - +0 short sword (venom)
rCold    . . .     Faith    .   (no shield)
rNeg     . . .     Spirit   .   b - +0 robe
rPois    .         Reflect  .   c - +0 hat
rElec    .         Harm     .   (no cloak)
rCorr    .         Rampage  .   (no gloves)
Will     .....                  (no boots)
Stlth    ++........             (no amulet)
HPRegen  0.10/turn              (no ring)
MPRegen  0.13/turn              (no ring)

@: no status effects
A: no striking features
a: no special abilities


You were on level 3 of the Dungeon.
You visited 1 branch of the dungeon, and saw 3 of its levels.

You collected 131 gold pieces.

Inventory:

Hand Weapons
 h - a +0 short sword of venom (weapon)
 r - a +0 hunting sling
 t - a +0 spear
Missiles
 s - 114 sling bullets
 v - a throwing net
Armour
 b - a +0 robe (worn)
 c - a +0 hat (worn)
Magical Staves
 o - an uncursed staff of air
Scrolls
 a - 3 scrolls of identify
 d - a scroll of immolation {unknown}
 e - 2 scrolls of remove curse
 g - 2 scrolls of amnesia {unknown}
 k - a scroll of magic mapping
 l - a scroll of noise {unknown}
 m - 2 scrolls of enchant armour {unknown}
 n - 2 scrolls of teleportation {unknown}
 u - a scroll of blinking {unknown}
Potions
 f - a potion of attraction {unknown}
 i - 3 potions of curing
 j - a potion of mutation {unknown}
 p - a potion of cancellation {unknown}
 q - 2 potions of flight


   Skills:
 + Level 2.5 Fighting
 - Level 2.4 Dodging
 - Level 3.0 Stealth
 - Level 4.4 Spellcasting
 + Level 3.7 Conjurations
 - Level 2.0 Summonings
 - Level 1.1 Translocations
 - Level 1.0 Fire Magic


You had 4 spell levels left.
You knew the following spells:

 Your Spells              Type           Power        Failure   Level
a - Magic Dart            Conj           76%          2%          1
b - Call Imp              Summ           12%          9%          2
c - Blink                 Tloc           N/A          12%         2
d - Conjure Flame         Conj/Fire      13%          14%         3

Your spell library contained the following spells:

 Spells                   Type           Power        Failure   Level
 Slow                     Hex            4%           19%         2
 Mephitic Cloud           Conj/Pois/Air  9%           22%         3


Dungeon Overview and Level Annotations

Branches:
Dungeon (3/15)

Altars:
Fedhas


Message History

Something hits you but does no damage.
You hit something but do no damage. Something completely misses you.
You hit something but do no damage. Something hits you.
You barely miss something. Something barely misses you.
You miss something.
Your crimson imp disappears in a puff of smoke!
Something completely misses you.
You closely miss something.
Your white imp disappears in a puff of smoke!
Something hits you.
You closely miss something. Something hits you.
You closely miss something. Something hits you. Something barely misses you.
Something hits your crimson imp.
Your crimson imp disappears in a puff of smoke!
A magic dart appears from out of thin air!
The magic dart hits you!
* * * LOW HITPOINT WARNING * * *
A puff of flame appears from out of thin air!
The puff of flame hits you!
You die...

♣♣.........♣♣
#....#.......#.#.
♣.......)...♣
#........(.#.#...
*,♣....)..♣,*
*#....#.....#.##..
****♣)..♣****
#.....#.###.#.#... ♣♣...♣♣
#.....#.# #.....#.
♣.....♣♣♣♣
######..####....##
###......####
###.##........#
#....{....###......######..
#.........@.............<..
###.......###...#########..
#....######..##### #.[..
#...##...........## #.###
#.###.............###.###
#.##.....................
###......................
#.........†..<.......#*
##...................#


There were no monsters in sight!

Vanquished Creatures
  An orc wizard (D:3)
  2 gnolls (D:3)
  An ooze (D:1)
  2 dart slugs
  A leopard gecko (D:2)
  3 orcs
  A giant cockroach (D:3)
  6 goblins
  7 hobgoblins
  2 quokkas
  A ball python (D:1)
  7 bats
  A frilled lizard (D:2)
  5 kobolds
  10 rats
50 creatures vanquished.

Vanquished Creatures (collateral kills)
  An orc wizard (D:3)
  6 gnolls (D:3)
  2 adders
  3 worms
  10 orcs
  A ball python (D:2)
  2 hobgoblins
  A quokka (D:2)
  A frilled lizard (D:2)
27 creatures vanquished.

Grand Total: 77 creatures vanquished

Notes
Turn   | Place    | Note
-------+----------+-------------------------------------------
     0 | D:1      | kandel6 the Deep Elf Hedge Wizard began the quest for the
                  | Orb.
     0 | D:1      | Reached XP level 1. HP: 10/10 MP: 7/7
   273 | D:1      | Reached XP level 2. HP: 16/16 MP: 7/9
   302 | D:1      | Learned a level 2 spell: Call Imp
   305 | D:1      | Learned a level 2 spell: Blink
  1202 | D:2      | Reached skill level 1 in Fighting
  1215 | D:2      | Reached XP level 3. HP: 20/20 MP: 7/10
  1471 | D:2      | Learned a level 3 spell: Conjure Flame
  2762 | D:3      | Reached XP level 4. HP: 26/26 MP: 2/12
  3530 | D:3      | Reached XP level 5. HP: 30/30 MP: 4/13
  3733 | D:3      | Reached skill level 1 in Fire Magic
  3946 | D:3      | Found a blossoming altar of Fedhas.
  3975 | D:3      | Killed from afar by an orc wizard

Illustrated notes

Levels and vault maps discovered:
D:1:      tarquinn_simple_flora_water_a, layout_basic
D:2:      layout_loops_cross, kennysheep_path_1
D:3:      layout_rooms, grunt_ministairs_12, fedhas_altar_fruit_tree

Skill      XL: |  1  2  3  4  5 |
---------------+----------------+-----
Stealth        | 3 |  3.0
Fighting       | 1 2 |  2.5
Conjurations   | 2 3 |  3.7
Summonings     | 2 |  2.0
Fire Magic     | 1 |  1.0
Dodging        | |  2.4
Spellcasting   | |  4.4
Translocations | |  1.1

Action                   |  1- 3 |  4- 6 || total
-------------------------+-------+-------++-------
Melee: Short sword       |    38 |    27 ||    65
       Dagger            |     1 |       ||     1
       Spear             |       |     3 ||     3
 Cast: Magic Dart        |    84 |    26 ||   110
       Call Imp          |    24 |    22 ||    46
       Blink             |       |     2 ||     2
  Use: Scroll            |     3 |     1 ||     4
 Stab: Sleeping          |     2 |       ||     2
Armor: Robe              |     4 |     1 ||     5
Dodge: Dodged            |    49 |    22 ||    71
